 Dungeon Crawl Stone Soup version 0.17.1-2-g5865329 (webtiles) character file.

302 Mysteryquy the Changer (level 6, -1/47 HPs)
             Began as a Draconian Transmuter on Jan 10, 2016.
             Was a Follower of Vehumet.
             Slain by MirrMurr's ghost (4 damage)
             ... on level 4 of the Dungeon.
             The game lasted 00:08:06 (3127 turns).

Mysteryquy the Changer (Draconian Transmuter)       Turns: 3127, Time: 00:08:06

Health: -1/47      AC: 11    Str: 12    XL:     6   Next: 14%
Magic:  9/9        EV: 12    Int: 16    God:    Vehumet [*.....]
Gold:   149        SH:  0    Dex: 11    Spells: 3 memorised, 3 levels left

rFire  . . .     SeeInvis .       - Unarmed
rCold  + . .     Clarity  .     (armour unavailable)
rNeg   . . .     SustAt   .     (no shield)
rPois  .         Gourm    .     (helmet restricted)
rElec  .         Spirit   .     (no cloak)
rCorr  .         Warding  .     h - +0 pair of gloves
rMut   .         Stasis   .     i - +1 pair of boots
MR     .....                    (no amulet)
Stlth  +.........               n - ring of protection from cold
                                d - +2 ring of protection

@: confused, flying, not resistant to hostile enchantments, very unstealthy
A: unfitting armour, cold-blooded, AC +6
a: Renounce Religion


You were on level 4 of the Dungeon.
You worshipped Vehumet.
Vehumet was aware of your devotion.
You were hungry.

You visited 1 branch of the dungeon, and saw 4 of its levels.

You collected 149 gold pieces.

Inventory:

Missiles
 a - 12 arrows
 k - 13 arrows of flame
Armour
 h - a +0 pair of gloves (worn)
 i - a +1 pair of boots (worn)
Jewellery
 d - a +2 ring of protection (left hand)
 n - a ring of protection from cold (right hand)
Scrolls
 e - a scroll of enchant armour
 g - 5 scrolls of teleportation
 j - 2 scrolls of enchant weapon
 m - a scroll of identify {unknown}
Books
 b - a book of Changes

   Spells                             Type                      Level
   a - Beastly Appendage              Transmutation                1
   b - Sticks to Snakes               Transmutation                2
   c - Spider Form                    Transmutation/Poison         3
   d - Ice Form                       Ice/Transmutation            4
   e - Blade Hands                    Transmutation                5
Comestibles
 c - 3 bread rations
 f - a slice of pizza
 l - 2 meat rations


   Skills:
 - Level 1.1 Fighting
 - Level 1.7 Dodging
 - Level 3.0 Unarmed Combat
 - Level 2.0 Spellcasting
 + Level 6.5 Transmutations
 + Level 0.2 Poison Magic


You had 3 spell levels left.
You knew the following spells:

 Your Spells              Type           Power        Failure   Level  Hunger
a - Beastly Appendage     Trmt           ###...       1%          1    #......
b - Sticks to Snakes      Trmt           ###.......   1%          2    ###....
c - Spider Form           Trmt/Pois      ##........   17%         3    ###....


Dungeon Overview and Level Annotations

Branches:
Dungeon (4/15)             Temple (0/1) D:4

Altars:
Elyvilon
Vehumet
Yredelemnul

Annotations:
D:4 MirrMurr's ghost, amateur SpEn


Innate Abilities, Weirdness & Mutations

Your plain brown scales are hard (AC +6).
Your body does not fit into most forms of armour.
You are cold-blooded and may be slowed by cold attacks.


Message History

Drink which item? (? for menu, Esc to quit)
It was a potion of flight.
You feel very buoyant.
You fly up into the air.
MirrMurr's ghost closely misses you.
You bump into the rock wall.
MirrMurr's ghost closely misses you.
You bump into the rock wall.
MirrMurr's ghost gestures at you while chanting.
The spray of energy hits you!
* * * LOW HITPOINT WARNING * * *
You are more confused.
You bump into the rock wall.
MirrMurr's ghost hits you.
* * * LOW HITPOINT WARNING * * *
You're too confused to cast spells.
MirrMurr's ghost screams, "What do you have that I didn't have?"
MirrMurr's ghost barely misses you. MirrMurr's ghost stares at you.
MirrMurr's ghost hits you.
* * * LOW HITPOINT WARNING * * *
MirrMurr's ghost hits you.
You die...

....#.....#.# #.# #..
..........#.# #.# #..
...........# #.# ... #..
.....##...## ....#####.#
#...#.....#
..........#.#####...#.....#
#........#...............#
#...[....######..........#
##...........W@#..........#
.'........####.#..........#
#........# #.##'###.....#
#........# #............#
#..#'##### ####.........#
..... #P...........# ....
#w♣♣P.##......# #...
♣♣....###### .. ♣♣.###


You could see MirrMurr's ghost.

Vanquished Creatures
  A crimson imp (D:4)
  2 hounds (D:4)
  2 worker ants
  4 adders
  4 gnolls
  An adder skeleton (D:3)
  A worm (D:2)
  2 giant geckos (D:3)
  8 orcs
  5 giant cockroaches
  7 goblins
  4 hobgoblins
  9 jackals
  2 ball pythons
  3 bats
  7 giant newts
  9 kobolds
  7 rats
78 creatures vanquished.

Notes
Turn   | Place    | Note
--------------------------------------------------------------
     0 | D:1      | Mysteryquy the Draconian Transmuter began the quest for the Orb.
     0 | D:1      | Reached XP level 1. HP: 16/16 MP: 3/3
   119 | D:1      | Reached XP level 2. HP: 20/23 MP: 3/5
   641 | D:2      | Reached XP level 3. HP: 4/28 MP: 6/6
  1087 | D:2      | Found a basalt altar of Yredelemnul.
  1098 | D:2      | Reached skill level 4 in Transmutations
  1115 | D:2      | Learned a level 2 spell: Sticks to Snakes
  1292 | D:2      | Reached XP level 4. HP: 31/35 MP: 7/7
  1345 | D:2      | Found a radiant altar of Vehumet.
  1362 | D:2      | Became a worshipper of Vehumet
  1546 | D:2      | Learned a level 3 spell: Spider Form
  1973 | D:3      | Reached skill level 5 in Transmutations
  1984 | D:3      | Reached XP level 5. HP: 22/40 MP: 5/8
  2572 | D:4      | Reached skill level 6 in Transmutations
  2670 | D:4      | Noticed MirrMurr's ghost (amateur SpEn)
  2828 | D:4      | Reached * piety under Vehumet
  2828 | D:4      | Offered knowledge of Flame Tongue by Vehumet.
  2828 | D:4      | Reached XP level 6. HP: 37/47 MP: 5/9
  2999 | D:4      | Found a white marble altar of Elyvilon.
  3049 | D:4      | Found a staircase to the Ecumenical Temple.
  3127 | D:4      | Slain by MirrMurr's ghost

Action                   |  1- 3 |  4- 6 || total
-------------------------+-------+-------++-------
Melee: Unarmed           |   167 |   182 ||   349
 Cast: Beastly Appendage |     6 |    13 ||    19
       Spider Form       |       |     5 ||     5
  Use: Scroll            |     3 |     2 ||     5
       Potion            |     2 |     2 ||     4
 Stab: Sleeping          |     2 |     1 ||     3
  Eat: Chunk             |     2 |     4 ||     6
       Royal jelly       |       |     1 ||     1
